AoeStats
← Donki

Nomad

510348259Analyzed
4v4 RM · 2d ago on Sep 30, 2026· 42m 43s· 8 players
Game mode
Random Map
Map size
231×231
Population
200
Speed
Normal
Resources
Standard
Victory
Conquest
Starting age
Dark Age
Ending age
Imperial Age
RankedLock teamsTeams togetherTeam positionsShared explorationLock speedFull tech treeHidden civsTurbo modeCheats
Victory
Defeat
🇳🇱 Italians · Netherlands
1251
+12
🇷🇴 Vietnamese · Romania
1211
+14
🇫🇷 Malay · France
1134
+17
🇩🇪 Huns · Germany
1128
+17
🇨🇿 Shu · Czechia
1201
-17
🇹🇼 Italians · Taiwan
1175
-16
🇨🇿 Dravidians · Czechia
1134
-14
🇨🇿 Saxons · Czechia
1107
-13
傳奇商店
4:18 Loom
17:06 Feudal Age
22:08 Castle Age
26:02 Double-Bit Axe
26:23 Fletching
26:33 Padded Archer Armor
29:57 Imperial Age
27:52 Gold Mining
34:43 Bodkin Arrow
Donki
4:18 Loom
12:11 Feudal Age
14:29 Double-Bit Axe
15:42 Gold Mining
15:37 Horse Collar
16:48 Fletching
23:39 Castle Age
23:51 Crossbowman
25:00 Padded Archer Armor
29:07 Bow Saw
28:54 Gold Mining
30:02 Wheelbarrow
29:13 Town Watch
29:30 Heavy Plow
29:36 Bodkin Arrow
31:01 Leather Archer Armor
DartPlayerCZ
6:23 Loom
15:36 Feudal Age
18:34 Wheelbarrow
20:47 Castle Age
20:10 Fletching
20:21 Padded Archer Armor
24:05 Horse Collar
24:37 Bodkin Arrow
25:14 Husbandry
25:18 Double-Bit Axe
28:43 Leather Archer Armor
29:43 Light Cavalry
37:22 Elite Skirmisher
Abraham
9:45 Loom
13:56 Feudal Age
19:26 Castle Age
18:15 Horse Collar
22:58 Double-Bit Axe
26:44 Squires
26:30 Gambesons
26:59 Scale Mail Armor
29:26 Fletching
32:49 Chain Mail Armor
42:52 Imperial Age
41:31 Forging
41:18 Bodkin Arrow
Sageata
5:21 Loom
14:30 Feudal Age
15:51 Double-Bit Axe
17:24 Wheelbarrow
17:25 Fletching
19:52 Castle Age
18:35 Gold Mining
20:37 Bodkin Arrow
20:21 Crossbowman
22:29 Medium Warships
26:26 Bow Saw
26:38 Padded Archer Armor
27:38 Elite Skirmisher
30:40 Ballistics
35:51 Leather Archer Armor
35:47 Thumb Ring
38:29 Hand Cart
42:04 Squires
Sharcks
5:53 Loom
16:59 Feudal Age
16:51 Double-Bit Axe
17:00 Fishing Lines
21:56 Padded Archer Armor
21:46 Fletching
24:01 Castle Age
22:36 Padded Archer Armor
29:47 Elite Skirmisher
30:23 Fletching
33:17 Wheelbarrow
34:32 Thalassocracy
36:25 Ballistics
39:20 Hand Cart
38:55 Town Watch
43:02 Imperial Age
40:35 Gillnets
41:32 Squires
41:19 Arson
haki
3:07 Loom
13:50 Feudal Age
14:31 Double-Bit Axe
17:54 Bloodlines
18:18 Forging
22:12 Castle Age
20:56 Fishing Lines
22:22 Fletching
22:32 Padded Archer Armor
23:25 Bodkin Arrow
24:45 Leather Archer Armor
24:33 Husbandry
25:44 Elite Skirmisher
30:37 Bow Saw
34:31 Horse Collar
35:57 Wheelbarrow
OomAngel
5:36 Loom
15:56 Feudal Age
16:55 Fishing Lines
17:01 Man-at-Arms
22:51 Castle Age
20:56 Double-Bit Axe
24:18 Fletching
25:36 Gold Mining
25:59 Bow Saw
25:24 Long Swordsman
26:05 Squires
26:26 Medium Warships
27:00 Town Watch
27:52 Wheelbarrow
28:59 Bodkin Arrow
29:05 Padded Archer Armor
30:32 Thumb Ring
29:47 Crossbowman
36:00 Imperial Age
34:12 Elite Skirmisher
35:09 Leather Archer Armor
35:05 Forging
36:27 Arbalester
37:07 Imperial Skirmisher
38:56 Ballistics
39:36 Chemistry
38:32 Murder Holes
41:15 Conscription
42:00 Fortified Wall
42:01 Masonry
41:33 Treadmill Crane
Connection lost

Rejoining the realm…

Still unreachable

The connection could not be restored.

Session expired

The server has moved on; the page needs a fresh start.